 Dungeon Crawl Stone Soup version 0.30-a0-359-gd0147acb1a (webtiles) character file.

Game seed: 9377970890414993527

298 NinjaNoafa the Cutter (level 6, -11/47 HPs)
             Began as a Merfolk Gladiator on Nov 11, 2022.
             Was an Elder of Uskayaw.
             Mangled by an ogre
             ... wielding a +0 giant club
              (13 damage)
             ... on level 4 of the Dungeon.
             The game lasted 00:05:56 (3313 turns).

NinjaNoafa the Cutter (Merfolk Gladiator)           Turns: 3313, Time: 00:05:56

Health: -11/47     AC: 14    Str: 15    XL:     6   Next: 36%
Magic:  5/7        EV: 14    Int:  7    God:    Uskayaw [****..]
Gold:   208        SH:  0    Dex: 17    Spells: 5/5 levels left

rFire   . . .      SeeInvis .    a - +0 rapier (protect)
rCold   . . .      Faith    .    (no shield)
rNeg    . . .      Spirit   .    b - +0 leather armour
rPois   .          Reflect  .    c - +0 helmet
rElec   .          Harm     .    (no cloak)
rCorr   .          Rampage  .    m - +1 pair of gloves
Will    .....                    t - +0 pair of boots
Stlth   +.........               (no amulet)
HPRegen 0.27/turn                (no ring)
MPRegen 0.10/turn                (no ring)

@: mighty, under a protective aura
A: (nimble swimmer 2), mertail
a: Renounce Religion, Stomp, Line Pass


You were on level 4 of the Dungeon.
You worshipped Uskayaw.
Uskayaw was noncommittal.
You visited 2 branches of the dungeon, and saw 5 of its levels.

You collected 208 gold pieces.

Inventory:

Hand Weapons
 a - a +0 rapier of protection (weapon)
Missiles
 d - 2 throwing nets
 f - 16 stones
 k - 2 boomerangs of dispersal
 s - 6 atropa-tipped darts
 v - a javelin (quivered)
 y - 4 poisoned darts
Armour
 b - a +0 leather armour (worn)
 c - a +0 helmet (worn)
 m - a +1 pair of gloves (worn)
 t - a +0 pair of boots (worn)
Jewellery
 A - an amulet of faith
Scrolls
 h - 2 scrolls of noise
 i - a scroll of teleportation
 o - a scroll of amnesia
 p - 2 scrolls of magic mapping
 u - a scroll of blinking
Potions
 e - 2 potions of berserk rage
 g - a potion of resistance
 j - 2 potions of curing {unknown}
 q - 2 potions of haste {unknown}
 r - a potion of degeneration {unknown}
 w - a potion of attraction {unknown}
 x - a potion of might
 z - a potion of heal wounds {unknown}
 B - a potion of invisibility {unknown}


   Skills:
 - Level 3.0 Fighting
 - Level 7.0 Short Blades
 - Level 2.0 Throwing
 - Level 5.0 Dodging
 + Level 2.2 Invocations


You had 5 spell levels left.
You didn't know any spells.
Your spell library was empty.

Dungeon Overview and Level Annotations

Branches:
Dungeon (4/15)             Temple (1/1) D:4

Altars:
Ashenzari
Cheibriados
Dithmenos
Fedhas
Gozag
Hepliaklqana
Kikubaaqudgha
Makhleb
Nemelex Xobeh
Okawaru
Ru
Sif Muna
Trog
Uskayaw
Vehumet
Wu Jian
Xom
Yredelemnul
Zin

Annotations:
D:3 1 runed translucent door, osoart's ghost, amateur MiBe
D:4 1 runed translucent door, Crazy Yiuf


Innate Abilities, Weirdness & Mutations

((You are very nimble when in or above water. (Stealth+, EV+, Speed+++)))
Your lower body shifts to a powerful aquatic tail in water.


Message History

Your damage rating with your +0 rapier of protection is about 9 (Base 7 x 117% (Dex) x 119% (Skill)).
You puncture the goblin!
You kill the goblin!
You can now pass through a line of other dancers.
You puncture the ball python!
You kill the ball python!
You closely miss the ball python. The ball python closely misses you. x2
You barely miss the ball python.
The ball python bites you but does no damage.
The ball python misses you.
You barely miss the ball python. The ball python barely misses you.
The ball python closely misses you.
You puncture the ball python!
You kill the ball python!
You miss the hound. The hound misses you.
You completely miss the hound. The hound bites you but does no damage.
The hound barely misses you.
You puncture the hound!
The hound is heavily wounded.
The hound barely misses you.
Uskayaw will force your foes to helplessly watch your dance.
Uskayaw prepares the audience for your solo!
The helpless hound fails to defend itself.
You impale the hound!!
You kill the hound!
The ogre is no longer paralysed.
The hound is no longer paralysed.
Your Invocations skill increases to level 2!
You hit the ogre.
The ogre is lightly wounded.
You puncture the ogre!
The ogre is heavily wounded.
The goblin is no longer paralysed.
The ogre hits you with a +0 giant club!!
Ouch! That really hurt!
* * * LOW HITPOINT WARNING * * *
Uskayaw will force your foes to share their pain.
Uskayaw links your audience in an emotional bond!
Okay, then.
The ogre attacks as you move away! The ogre hits you with a +0 giant club!
You die...

.#.........#####
...#.#####.....###
.###.# ###.....#
.###.# #.#.#.#
..[..### #...#.#
.#[....# #..##.#
.......# #.....#
.......# #..##.#
.#.....# #...#@#
##.....# #.#.#O#
##.##### #.#.#)#
....#* #...gg#
###..# ###h###
*,..#* #)#
**,#..########.#
,,,,.........gg#
*,,,###...##gSg#


You could see an ogre (pain bonded) and 2 goblins.

Vanquished Creatures
  A scorpion (D:4)
  A hound (D:4)
  2 orc priests (D:4)
  2 orc wizards (D:4)
  Robin (D:4)
  2 adders
  3 dart slugs (D:1)
  8 orcs
  5 bats (D:1)
  4 endoplasms
  10 goblins
  2 hobgoblins
  4 jackals (D:2)
  A quokka (D:2)
  8 ball pythons
  3 frilled lizards
  3 kobolds (D:1)
  A rat (D:1)
61 creatures vanquished.

Notes
Turn   | Place    | Note
-------+----------+-------------------------------------------
     0 | D:1      | NinjaNoafa the Merfolk Gladiator began the quest for the
                  | Orb.
     0 | D:1      | Reached XP level 1. HP: 16/16 MP: 1/1
    50 | D:1      | Reached skill level 4 in Short Blades
   188 | D:1      | Reached XP level 2. HP: 22/22 MP: 2/2
   673 | D:1      | Reached XP level 3. HP: 27/27 MP: 3/3
   831 | D:2      | Reached skill level 5 in Short Blades
   835 | D:2      | Found a sacrificial altar of Ru.
  1956 | D:3      | Found a runed translucent door.
  1962 | D:3      | Noticed osoart's ghost (amateur MiBe)
  2076 | D:3      | Reached XP level 4. HP: 32/33 MP: 4/4
  2387 | D:4      | Noticed a scorpion
  2398 | D:4      | Killed a scorpion
  2399 | D:4      | Reached skill level 6 in Short Blades
  2399 | D:4      | Reached XP level 5. HP: 28/38 MP: 5/5
  2477 | D:4      | Found a staircase to the Ecumenical Temple.
  2522 | D:4      | Reached skill level 7 in Short Blades
  2577 | Temple   | Entered the Ecumenical Temple
  2867 | Temple   | Became a worshipper of Uskayaw the Reveller
  2936 | D:4      | Reached * piety under Uskayaw
  2941 | D:4      | Reached ** piety under Uskayaw
  2945 | D:4      | Reached *** piety under Uskayaw
  2948 | D:4      | Reached **** piety under Uskayaw
  2949 | D:4      | Reached skill level 5 in Dodging
  2949 | D:4      | Reached XP level 6. HP: 34/47 MP: 6/6
  3072 | D:4      | Found a runed translucent door.
  3073 | D:4      | Noticed Crazy Yiuf
  3250 | D:4      | Noticed Robin
  3271 | D:4      | Reached skill level 1 in Invocations
  3278 | D:4      | Killed Robin
  3311 | D:4      | HP: 2/47 [ogre/+0 giant club (27)]
  3313 | D:4      | Mangled by an ogre

Illustrated notes

Levels and vault maps discovered:
D:1:      reono_arrival_mine, layout_loops_ring, minmay_split_cup_small
D:2:      layout_basic, basic_altar, corexii_item_surrounded_by_moat
D:3:      layout_loops_ring, ebering_ghost_sewer_d
D:4:      layout_loops_cross, temple_doors_e, minmay_starry_boxes,
          uniq_crazy_yiuf_cottage, uniq_robin
Temple:   compressed_dpeg_triangle_lava_temple

Skill      XL: |  1  2  3  4  5  6 |
---------------+-------------------+-----
Short Blades   | 4 5 6 7 |  7.0
Fighting       | 3 |  3.0
Dodging        | 5 |  5.0
Invocations    | 2 |  2.2
Throwing       | |  2.0

Action                   |  1- 3 |  4- 6 || total
-------------------------+-------+-------++-------
Melee: Rapier            |   127 |   114 ||   241
       Punch             |     2 |     3 ||     5
Throw: Javelin           |     9 |     2 ||    11
       Boomerang         |     1 |       ||     1
       Throwing net      |       |     1 ||     1
Invok: Line Pass         |       |     1 ||     1
  Use: Scroll            |       |    10 ||    10
       Potion            |       |     1 ||     1
 Stab: Sleeping          |     2 |       ||     2
       Held in net/web   |       |     1 ||     1
       Paralysed         |       |     1 ||     1
Armor: Leather armour    |    45 |    46 ||    91
Dodge: Dodged            |    94 |    93 ||   187

Table legend: (Time is in decaauts)
 A = Elapsed time spent in this place.
 B = Non-inter-level travel time spent in this place.
 C = Inter-level travel time spent in this place.
 D = Time resting spent in this place.
 E = Time spent auto-exploring this place.
 F = Levels seen in this place.
 G = Mean time per level.
                   A        B        C        D        E       F      G
               +--------+--------+--------+--------+--------+-----+--------+
         Total |   3293 |   3089 |    204 |      0 |   2535 |   5 |  658.6 |
       Dungeon |   2992 |   2821 |    171 |      0 |   2281 |   4 |  748.0 |
        Temple |    300 |    267 |     33 |      0 |    254 |   1 |  300.0 |
               +--------+--------+--------+--------+--------+-----+--------+

Top non-repeatable levels by time:
     D:2: 931 daAuts
     D:1: 774 daAuts
     D:4: 653 daAuts
     D:3: 632 daAuts
  Temple: 300 daAuts
